 Dungeon Crawl Stone Soup version 0.25.1-9-gc5326a611f (webtiles) character file.

Game seed: 3201227840605965693

3009 Johnny the Thaumaturge (level 9, -6/57 HPs)
             Began as a Deep Elf Earth Elementalist on Mar 15, 2021.
             Was an Initiate of Okawaru.
             Mangled by a two-headed ogre
             ... wielding a +0 giant club
              (12 damage)
             ... on level 10 of the Dungeon.
             The game lasted 00:08:35 (10066 turns).

Johnny the Thaumaturge (DEEE)                      Turns: 10066, Time: 00:08:35

Health: -6/57      AC:  4    Str:  5    XL:     9   Next: 54%
Magic:  29/32      EV: 13    Int: 24    God:    Okawaru [......]
Gold:   434        SH:  5    Dex: 15    Spells: 11/24 levels left

rFire    . . .     SeeInvis .   e - +1 dagger (venom)
rCold    . . .     Gourm    .   f - +0 buckler (curse)
rNeg     . . .     Faith    .   c - +0 robe
rPois    .         Spirit   .   y - +0 helmet
rElec    .         Reflect  .   (no cloak)
rCorr    .         Harm     .   (no gloves)
MR       .....                  u - +0 pair of boots
Stlth    +.........             (no amulet)
HPRegen  0.19/turn              g - ring of magical power
MPRegen  0.23/turn              B - ring of attention (curse)

@: no status effects
A: no striking features
a: Renounce Religion


You were on level 10 of the Dungeon.
You worshipped Okawaru.
Okawaru was noncommittal.
You were not hungry.

You visited 2 branches of the dungeon, and saw 9 of its levels.
You also visited: Sewer.

You collected 434 gold pieces.

Inventory:

Hand Weapons
 b - a +0 dagger
 e - a +1 dagger of venom (weapon)
Missiles
 q - 68 stones (quivered)
Armour
 c - a +0 robe (worn)
 f - a cursed +0 buckler (worn)
 u - a +0 pair of boots (worn)
 y - a +0 helmet (worn)
 A - a +0 kite shield
 F - a +0 cloak
Jewellery
 g - a ring of magical power (left hand)
 h - an uncursed amulet of reflection
 v - an uncursed ring of stealth
 B - a cursed ring of attention (right hand)
 J - a +6 ring of dexterity {unknown}
Wands
 n - a wand of random effects (19)
 x - a wand of flame (14)
Scrolls
 a - 7 scrolls of teleportation
 k - a scroll of torment {unknown}
 m - a scroll of amnesia
 o - 2 scrolls of magic mapping
 r - 2 scrolls of remove curse
 w - 4 scrolls of fog
 C - 2 scrolls of blinking
 D - a scroll of fear
 E - a scroll of enchant armour
 H - a scroll of identify
Potions
 i - a potion of brilliance {unknown}
 j - 6 potions of heal wounds
 l - 3 potions of magic {unknown}
 p - 2 potions of resistance {unknown}
 s - 2 potions of haste {unknown}
 t - 6 potions of curing
 z - a potion of mutation {unknown}
 G - 2 potions of might {unknown}
 I - a potion of degeneration {unknown}
Comestibles
 d - 14 rations
 K - 2 chunks of flesh


   Skills:
 * Level 7.1 Fighting
 - Level 2.4 Dodging
 - Level 2.4 Stealth
 + Level 4.6 Shields
 + Level 8.3 Spellcasting
 - Level 1.1 Transmutations
 + Level 7.3 Earth Magic


You had 11 spell levels left.
You knew the following spells:

 Your Spells              Type           Power        Failure   Level  Hunger
a - Sandblast             Erth           #####.       1%          1    None
b - Stone Arrow           Conj/Erth      ####..       4%          3    None
c - Lee's Rapid Deconstr  Erth           #####.....   9%          5    ####...
d - Petrify               Tmut/Erth      ####....     11%         4    ##.....

Your spell library contained the following spells:

 Spells                   Type           Power        Failure   Level  Hunger
 Passwall                 Tmut/Erth      ####....     1%          2    None


Dungeon Overview and Level Annotations

Branches:
Dungeon (7/15)             Temple (1/1) D:6           Sewer (visited)

Altars:
Ashenzari
Cheibriados
Dithmenos
Gozag
Hepliaklqana
Kikubaaqudgha
Makhleb
Nemelex Xobeh
Okawaru
Qazlal
Ru
Sif Muna
Trog
Uskayaw
Vehumet
Wu Jian
Xom
Yredelemnul
Zin
The Shining One

Annotations:
D:7 1 transporter, Destapler's ghost, novice DsGl


Message History

Aiming: Sandblast (safe; 1% risk of failure)
Press: ? - help, Shift-Dir - straight line, f/p - two-headed ogre
Aim: a two-headed ogre, wielding a +0 giant club and a +0 giant spiked club (lightly wounded)
The blast of sand hits the two-headed ogre!
The two-headed ogre is lightly wounded.
q - 69 stones The two-headed ogre hits you with a +0 giant club!!
Ouch! That really hurt!
* * * LOW HITPOINT WARNING * * *
The two-headed ogre hits you with a +0 giant spiked club.
* * * LOW HITPOINT WARNING * * *
Casting: Sandblast (safe; 1% risk of failure)
Confirm with . or Enter, or press ? or * to list all spells.
Aiming: Sandblast (safe; 1% risk of failure)
Press: ? - help, Shift-Dir - straight line, f/p - two-headed ogre
Aim: a two-headed ogre, wielding a +0 giant club and a +0 giant spiked club (lightly wounded)
The blast of sand misses the two-headed ogre.
q - 68 stones The two-headed ogre hits you with a +0 giant club!
You die...

######
.########......
...............
...............
...............
.......@..#
.......O..#
..........#
.?......$.#
..........#
#####.....#
.....[..+
.≈≈≈≈≈....#
≈≈≈≈≈≈≈≈..#


You could see a two-headed ogre.

Vanquished Creatures
  A two-headed ogre (D:4)
  A troll (D:6)
  A hungry ghost (D:7)
  3 sky beasts
  A phantom (D:4)
  A centaur (D:6)
  3 ogres
  4 bullfrogs
  4 crimson imps
  A bullfrog zombie (D:6)
  A jelly (D:6)
  3 orc wizards
  An orc priest (D:3)
  5 hounds
  A bullfrog skeleton (D:5)
  7 worker ants
  A mummy (D:5)
  15 adders
  4 gnolls (D:6)
  A howler monkey skeleton (D:6)
  5 river rats (Sewer)
  5 oozes
  4 dart slugs
  4 worms
  10 leopard geckos
  14 orcs
  13 ball pythons
  6 giant cockroaches
  7 goblins
  11 hobgoblins
  13 jackals
  3 kobolds
  A quokka (D:7)
  11 bats
  9 frilled lizards
  A kobold zombie (D:5)
  An orc zombie (D:5)
  32 rats
209 creatures vanquished.

Notes
Turn   | Place    | Note
-------+----------+-------------------------------------------
     0 | D:1      | Johnny the Deep Elf Earth Elementalist began the quest for
                  | the Orb.
     0 | D:1      | Reached XP level 1. HP: 10/10 MP: 6/6
   326 | D:1      | Reached XP level 2. HP: 15/16 MP: 8/8
   333 | D:1      | Reached skill level 1 in Fighting
   816 | D:1      | Reached XP level 3. HP: 12/20 MP: 10/10
  1829 | D:4      | Learned a level 3 spell: Stone Arrow
  2101 | D:3      | Reached XP level 4. HP: 21/26 MP: 11/11
  2758 | D:3      | Reached skill level 4 in Spellcasting
  2760 | D:3      | Reached skill level 1 in Shields
  2760 | D:3      | Reached XP level 5. HP: 25/31 MP: 13/13
  2846 | D:3      | Found an opulent altar of Gozag.
  4164 | D:4      | Noticed an ogre
  4169 | D:4      | Killed an ogre
  4169 | D:4      | Reached XP level 6. HP: 34/37 MP: 15/15
  4170 | D:4      | Noticed a two-headed ogre
  4315 | D:4      | Killed a two-headed ogre
  4315 | D:4      | Reached skill level 6 in Spellcasting
  4315 | D:4      | Reached skill level 5 in Earth Magic
  4315 | D:4      | Reached XP level 7. HP: 24/44 MP: 18/18
  4936 | D:4      | Reached XP level 8. HP: 48/48 MP: 19/19
  5276 | D:4      | Reached skill level 5 in Fighting
  5585 | D:4      | Found a shimmering blue altar of Sif Muna.
  5651 | D:5      | Entered Level 5 of the Dungeon
  5668 | D:5      | Found a shattered altar of Ashenzari.
  5891 | D:5      | Found a glowing drain.
  5913 | Sewer    | Entered a sewer
  6632 | D:5      | Reached skill level 7 in Spellcasting
  6801 | D:5      | Learned a level 5 spell: Lee's Rapid Deconstruction
  6806 | D:5      | Learned a level 4 spell: Petrify
  6988 | D:5      | Found a burning altar of Makhleb.
  7315 | D:5      | Found a sparkling altar of Nemelex Xobeh.
  7859 | D:6      | Found a bloodstained altar of Trog.
  8216 | D:6      | Reached XP level 9. HP: 54/55 MP: 22/22
  8978 | D:6      | Noticed a troll
  8990 | D:6      | Killed a troll
  8990 | D:6      | Reached skill level 8 in Spellcasting
  9244 | D:6      | Found a snail-covered altar of Cheibriados.
  9529 | D:6      | Found a staircase to the Ecumenical Temple.
  9668 | Temple   | Entered the Ecumenical Temple
  9672 | Temple   | Became a worshipper of Warmaster Okawaru
  9887 | D:7      | Noticed Destapler's ghost (novice DsGl)
  9902 | D:7      | Found a transporter.
  9914 | D:7      | Noticed a moth of wrath
 10058 | D:7      | You fall into a shaft and drop 3 floors!
 10058 | D:10     | Entered Level 10 of the Dungeon
 10058 | D:10     | Found a stormy altar of Qazlal.
 10059 | D:10     | Noticed a two-headed ogre
 10066 | D:10     | Mangled by a two-headed ogre

Illustrated notes

Levels and vault maps discovered:
D:1:      ebering_trefoil_3fold, layout_basic, minmay_pentomino_t4
D:2:      minmay_wonky_spiral, layout_basic, first_ration
D:3:      layout_basic, grunt_gozag_statues
D:4:      layout_loops_ring, lemuel_blue_sif_altar
D:5:      layout_basic, overflow_temple_1_default, lemuel_doored_altar,
          nicolae_ossuary_entry_giza, portal_sewer_entry_d,
          hangedman_decor_diamond_cutter, nemelex_dance_club_becter
D:6:      minmay_razor_zed, layout_loops_cross, nicolae_overflow_hidden_temple,
          temple_green, kennysheep_cluttered_room, dk_noncrumbling_3,
          minmay_door_square
D:7:      layout_loops_ring, gammafunk_ghost_berserking_beasts, grunt_livestock
D:10:     layout_irregular_city, minmay_orc_entry_temple_small,
          lemuel_altar_in_water
Temple:   zaba_magenta_temple

Skill      XL: |  1  2  3  4  5  6  7  8  9 |
---------------+----------------------------+-----
Fighting       | 1 2 3 4 6 7 |  7.1
Spellcasting   | 4 6 7 8 |  8.3
Earth Magic    | 4 5 6 7 |  7.3
Shields        | 1 2 4 |  4.6
Dodging        | |  2.4
Stealth        | |  2.4
Transmutations | |  1.1

Action                   |  1- 3 |  4- 6 |  7- 9 || total
-------------------------+-------+-------+-------++-------
Melee: Unarmed           |    52 |       |       ||    52
       Dagger            |    22 |    71 |   262 ||   355
 Cast: Sandblast         |    43 |    28 |   132 ||   203
       Stone Arrow       |     1 |     3 |    12 ||    16
  Use: Potion            |     1 |     1 |       ||     2
       Scroll            |       |       |    11 ||    11
 Stab: Sleeping          |     3 |     7 |     5 ||    15
       Invisible         |     1 |       |       ||     1
  Eat: Chunk             |     4 |     7 |    16 ||    27
       Ration            |       |       |     1 ||     1
Armor: Robe              |    14 |    11 |    74 ||    99
Dodge: Dodged            |    66 |    41 |   205 ||   312
Block: Buckler           |     8 |    18 |    72 ||    98
